 Dungeon Crawl Stone Soup version 0.28.0-47-ge53b351184 (webtiles) character file.

Game seed: 3892833123619716869

971 bobregger the Fighter (level 8, -2/89 HPs)
             Began as an Ogre Berserker on Apr 29, 2022.
             Was a Believer of Trog.
             Slain by a wyvern zombie (10 damage)
             ... on level 5 of the Dungeon.
             The game lasted 00:06:55 (6128 turns).

bobregger the Fighter (Ogre Berserker)              Turns: 6128, Time: 00:06:55

Health: -2/89      AC:  4    Str: 22    XL:     8   Next: 16%
Magic:  8/8        EV: 11    Int:  8    God:    Trog [**....]
Gold:   181        SH:  0    Dex: 10    Spells: 7/7 levels left

rFire   . . .      SeeInvis .   s - +5 flail (vorpal)
rCold   . . .      Faith    .   (no shield)
rNeg    . . .      Spirit   .   b - +0 animal skin
rPois   .          Reflect  .   (helmet restricted)
rElec   .          Harm     .   r - +0 cloak
rCorr   .          Rampage  .   (gloves unavailable)
Will    ++...                   (boots unavailable)
Stlth   +.........              (no amulet)
HPRegen 1.24/turn               (no ring)
MPRegen 0.11/turn               (no ring)

@: strong-willed, regenerating
A: large, unfitting armour, tough skin 1
a: Renounce Religion, Berserk, Trog's Hand


You were on level 5 of the Dungeon.
You worshipped Trog.
Trog was pleased with you.
You visited 1 branch of the dungeon, and saw 5 of its levels.

You collected 181 gold pieces.

Inventory:

Hand Weapons
 s - a +5 vorpal flail (weapon)
Armour
 b - a +0 animal skin (worn)
 r - a +0 cloak (worn)
Jewellery
 j - a ring of flight
 l - a ring of protection from cold
 u - a +4 ring of protection
Wands
 n - a wand of charming (11)
Scrolls
 e - 2 scrolls of identify {unknown}
 f - a scroll of teleportation {unknown}
 g - a scroll of immolation {unknown}
 h - a scroll of magic mapping {unknown}
 o - a scroll of fear {unknown}
 p - 2 scrolls of blinking {unknown}
 t - a scroll of vulnerability {unknown}
 w - a scroll of summoning {unknown}
 x - 2 scrolls of noise {unknown}
Potions
 a - a potion of ambrosia {unknown}
 c - a potion of berserk rage {unknown}
 d - 3 potions of curing {unknown}
 i - a potion of brilliance
 k - 2 potions of mutation {unknown}
 m - 3 potions of lignification {unknown}
 q - a potion of degeneration {unknown}
 v - a potion of might {unknown}


   Skills:
 * Level 8.6 Fighting
 + Level 4.5 Maces & Flails
 * Level 5.9 Dodging


You had 7 spell levels left.
You didn't know any spells.
Your spell library was empty.

Dungeon Overview and Level Annotations

Branches:
Dungeon (5/15)
 Temple: D:4-7

Altars:
Okawaru
Trog

Shops:
D:5 [?


Innate Abilities, Weirdness & Mutations

You are too large for most types of armour.
You have tough skin. (AC +1)


Message History

The water moccasin barely misses you. x2
You hit the water moccasin.
The water moccasin is almost dead.
The water moccasin bites you.
You sock the water moccasin!
You kill the water moccasin!
Trog accepts your kill. The howler monkey misses you.
You have reached level 8!
You sock the howler monkey!
You kill the howler monkey!
Trog accepts your kill. The shadow imp closely misses you.
You sock the shadow imp!
You kill the shadow imp!
Trog accepts your kill.
The wyvern zombie closely misses you. x2
Things that are here:
a howler monkey corpse; a water moccasin corpse A howler monkey zombie and a phantom come into view.
The wyvern zombie bites you!
You sock the wyvern zombie!
The wyvern zombie is heavily damaged.
The wyvern zombie bites you! x2
You hit the wyvern zombie.
The wyvern zombie is heavily damaged.
The wyvern zombie bites you but does no damage.
The wyvern zombie bites you!
* * * LOW HITPOINT WARNING * * *
Things that are here:
a howler monkey corpse; a water moccasin corpse The wyvern zombie bites you!
* * * LOW HITPOINT WARNING * * *
The wyvern zombie bites you!
* * * LOW HITPOINT WARNING * * *
Your skin crawls.
You feel strong-willed. The wyvern zombie barely misses you.
The wyvern zombie bites you!
You die...

# #....#.#........ #
#..##.##†#......
####.#####.###.#.#....##
.........#.####..# ####
####.............# #
#####?#.#####W# # #.#..#
#Z# ### # ##.# #Z# .<##
#.# #@# ...# #.# #.#
...# #.## #.# .#.# #..#
#.# .#.#####.###.###..
..............#######
...#########.........
#### #.######## #.#


You could see a phantom, a wyvern zombie and a howler monkey zombie.

Vanquished Creatures
  Sigmund (D:3)
  Edmund (D:4)
  A water moccasin (D:5)
  A black bear (D:4)
  A necrophage (D:4)
  A howler monkey (D:5)
  3 orc priests
  Crazy Yiuf (D:3)
  Natasha (twice) (D:3)
  7 adders
  A gnoll (D:1)
  A shadow imp (D:5)
  2 worms (D:2)
  An adder skeleton (D:4)
  A dart slug (D:2)
  8 orcs
  8 ball pythons
  6 bats
  6 endoplasms
  4 giant cockroaches
  6 hobgoblins
  6 quokkas
  6 frilled lizards
  10 goblins
  9 kobolds
  4 rats
98 creatures vanquished.

Notes
Turn   | Place    | Note
-------+----------+-------------------------------------------
     0 | D:1      | bobregger the Ogre Berserker began the quest for the Orb.
     0 | D:1      | Reached XP level 1. HP: 24/24 MP: 1/1
   545 | D:1      | Reached XP level 2. HP: 8/32 MP: 2/2
   549 | D:1      | HP: 2/49 [hobgoblin (4)]
  1265 | D:1      | Reached XP level 3. HP: 37/40 MP: 3/3
  1498 | D:2      | Found a faded altar of an unknown god.
  1568 | D:2      | HP: 2/41 [worm (11)]
  2108 | D:2      | Reached skill level 5 in Fighting
  2138 | D:2      | Reached XP level 4. HP: 50/50 MP: 4/4
  3008 | D:3      | Noticed Sigmund
  3024 | D:3      | Killed Sigmund
  3025 | D:3      | Reached skill level 6 in Fighting
  3025 | D:3      | Reached XP level 5. HP: 48/61 MP: 5/5
  3025 | D:3      | Reached XP level 6. HP: 54/68 MP: 6/6
  3438 | D:3      | Reached ** piety under Trog
  3592 | D:3      | Found a bloodstained altar of Trog.
  3750 | D:3      | Found an iron altar of Okawaru.
  3848 | D:3      | Noticed Natasha
  3854 | D:3      | Killed Natasha
  4204 | D:3      | Noticed Natasha
  4215 | D:3      | Killed Natasha
  4281 | D:3      | Found a runed translucent door.
  4282 | D:3      | Noticed Crazy Yiuf
  4290 | D:3      | Killed Crazy Yiuf
  4442 | D:4      | Noticed a necrophage
  4463 | D:4      | Killed a necrophage
  4464 | D:4      | Reached skill level 7 in Fighting
  4464 | D:4      | Reached XP level 7. HP: 78/78 MP: 7/7
  4570 | D:4      | Noticed Edmund
  4588 | D:4      | Killed Edmund
  4589 | D:4      | Reached skill level 5 in Dodging
  5622 | D:4      | Reached skill level 8 in Fighting
  5981 | D:5      | Entered Level 5 of the Dungeon
  5994 | D:5      | Found Nattoc's Antique Armour Boutique.
  6083 | D:5      | Found Qainigu's Magic Scroll Boutique.
  6114 | D:5      | Reached XP level 8. HP: 59/89 MP: 8/8
  6125 | D:5      | HP: 4/89 [wyvern zombie (9)]
  6128 | D:5      | Slain by a wyvern zombie

Illustrated notes

Levels and vault maps discovered:
D:1:      nicolae_arrival_memento_mori, layout_basic
D:2:      layout_basic, ebering_ecumenical_altar_sacrificial
D:3:      layout_basic, mainiacjoe_overflow_surrounded_room,
          nicolae_overflow_hidden_temple, uniq_natasha, uniq_crazy_yiuf_cottage,
          uniq_sigmund
D:4:      layout_basic, minmay_fractal_squares_diagonal_5, uniq_edmund
D:5:      minmay_recursive_quarters, layout_loops_ring,
          cheibrodos_ashenzari_chains, serial_shops, shop_fountains,
          nicolae_shop_statue_plus, nicolae_shop_waterfront, shop_scrolls

Skill      XL: |  1  2  3  4  5  6  7 |
---------------+----------------------+-----
Dodging        | 3 4 5 |  5.9
Maces & Flails | 3 4 |  4.5
Fighting       | 5 6 7 8 |  8.6

Action                   |  1- 3 |  4- 6 |  7- 9 || total
-------------------------+-------+-------+-------++-------
Melee: Mace              |    96 |   123 |    16 ||   235
       Punch             |     1 |       |     1 ||     2
       Flail             |       |       |    71 ||    71
Invok: Berserk           |     4 |     6 |     2 ||    12
       Trog's Hand       |       |       |     1 ||     1
 Stab: Sleeping          |       |     2 |       ||     2
Armor: Animal skin       |    33 |    37 |    39 ||   109
Dodge: Dodged            |    61 |    71 |    72 ||   204
